 Dungeon Crawl Stone Soup version 0.25.0-1-g7eea58d (webtiles) character file.

Game seed: 15317304073700550158

12633 Dorkslayer the Cleaver (level 11, -10/88 HPs)
             Began as a Demonspawn Berserker on June 21, 2020.
             Was a High Priest of Trog.
             Mangled by an ice devil (16 damage)
             ... summoned by an orc sorcerer
             ... on level 1 of the Orcish Mines.
             The game lasted 00:48:19 (7915 turns).

Dorkslayer the Cleaver (Demonspawn Berserker)       Turns: 7915, Time: 00:48:19

Health: -10/88     AC: 17    Str: 28    XL:     11   Next: 65%
Magic:  17/17      EV:  9    Int:  9    God:    Trog [*****.]
Gold:   308        SH:  5    Dex: 13    Spells: 10/10 levels left

rFire    x . .     SeeInvis .   p - +4 war axe
rCold    . . .     Gourm    .   (no shield)
rNeg     . . .     Faith    .   q - +0 plate armour
rPois    .         Spirit   .   x - +0 helmet of the Ward {rF- Str+2 Slay+4}
rElec    .         Reflect  +   (no cloak)
rCorr    .         Harm     .   C - +0 pair of gloves
MR       .....                  J - +0 pair of boots
Stlth    ..........             E - amulet of reflection
HPRegen  0.24/turn              r - +6 ring of strength
MPRegen  0.15/turn              o - +4 ring of slaying

@: berserk cooldown, slowed, very slow
A: claws 1, rugged brown scales 1, foul stench 1, nightstalker 1, rot immunity
a: Berserk, Trog's Hand, Brothers in Arms, Renounce Religion


You were on level 1 of the Orcish Mines.
You worshipped Trog.
Trog was extremely pleased with you.
You were not hungry.

You visited 2 branches of the dungeon, and saw 11 of its levels.
You also visited: Ossuary.

You collected 688 gold pieces.
You spent 380 gold pieces at shops.

Inventory:

Hand Weapons
 p - a +4 war axe (weapon)
Missiles
 a - a throwing net (quivered)
 k - 49 poisoned darts
 w - 2 javelins
 y - 17 boomerangs
Armour
 q - a +0 plate armour (worn)
 x - the +0 helmet of the Ward (worn) {rF- Str+2 Slay+4}
   (You found it on level 6 of the Dungeon)

   It affects your strength (+2).
   It affects your accuracy and damage with ranged weapons and melee attacks
   (+4).
   It makes you vulnerable to fire.
 C - a +0 pair of gloves (worn)
 J - a +0 pair of boots (worn)
Jewellery
 h - an uncursed ring of fire {unknown}
 l - an uncursed amulet of the acrobat {unknown}
 o - a +4 ring of slaying (right hand)
 r - a +6 ring of strength (left hand)
 E - an amulet of reflection (around neck)
 I - a +4 ring of protection
Wands
 m - a wand of random effects (15)
 u - a wand of iceblast (2)
 G - a wand of paralysis (11)
 K - a wand of polymorph (13)
 L - a wand of flame (26)
Scrolls
 e - 3 scrolls of teleportation
 i - 3 scrolls of immolation
 v - a scroll of fear
Potions
 b - 4 potions of ambrosia
 d - a potion of magic
 f - a potion of haste
 g - a potion of cancellation
 j - a potion of flight
 n - a potion of resistance
 s - a potion of invisibility
 t - 2 potions of curing
 z - 2 potions of might
 A - 2 potions of experience {unknown}
 B - a potion of stabbing {unknown}
 D - 2 potions of brilliance {unknown}
Comestibles
 c - 17 rations
 H - a chunk of flesh


   Skills:
 + Level 8.0 Fighting
 + Level 11.8 Axes
 + Level 3.6 Throwing
 + Level 6.1 Armour
 + Level 3.4 Dodging
 + Level 0.2 Stealth
 * Level 8.2 Evocations


You had 10 spell levels left.
You didn't know any spells.
Your spell library was empty.

Dungeon Overview and Level Annotations

Branches:
Dungeon (10/15)            Temple (0/1) D:6            Lair (0/6) D:9
    Orc (1/2) D:10        Ossuary (visited)

Altars:
Cheibriados
Elyvilon
Fedhas
Hepliaklqana
Makhleb
Vehumet
Xom
Yredelemnul

Shops:
D:4 =[   D:7 }*   D:9 (


Innate Abilities, Weirdness & Mutations

You have sharp fingernails.
You are partially covered in rugged brown scales. (AC +1, +3% HP)
You may emit foul miasma when damaged in melee.
You are slightly more attuned to the shadows.
You are immune to rotting.


Message History

The ice devil hits you. The ice devil freezes you!!
The orc sorcerer hits you but does no damage.
The warg bites you but does no damage.
The ice devil hits you but does no damage.
The orc sorcerer casts a spell at you. The bolt of fire hits you!!
The fire burns you terribly!
* * * LOW HITPOINT WARNING * * *
The warg bites you.
* * * LOW HITPOINT WARNING * * *
The ice devil hits you but does no damage.
The orc sorcerer hits you with a +0 dagger.
* * * LOW HITPOINT WARNING * * *
You can move again.
Items here: )) [[ †† The warg bites you.
* * * LOW HITPOINT WARNING * * *
The warg looks sick.
The ice devil hits you!
* * * LOW HITPOINT WARNING * * *
The ice devil freezes you!
You die...

#.....##
#......###
#.....#.# .
#.......##..
#..........
#.>[.[)....
#.h4[((...
#.@)o....#
##.#.....#
###$...##
#.### #. ##


You could see an ice devil (summoned), a warg (sick) and an orc sorcerer.

Vanquished Creatures
  Erolcha (D:9)
  An unseen horror (D:10)
  Pikel (D:7)
  An orc knight (Orc:1)
  An ugly thing (D:9)
  Psyche (D:9)
  A komodo dragon (D:10)
  A troll (D:10)
  A hippogriff (D:7)
  A wraith (D:10)
  14 yaks
  Eustachio (D:4)
  Grum (D:9)
  A basilisk (D:9)
  4 porcupines (D:9)
  2 sky beasts
  4 slaves (D:7)
  A hornet zombie (D:10)
  9 orc warriors
  3 black bears
  An ice beast (D:5)
  6 ogres
  3 wolves (D:9)
  6 centaurs
  4 crocodiles (D:9)
  A big kobold (D:8)
  2 elf zombies (Ossuary)
  3 bullfrogs
  A gnoll sergeant (D:9)
  A wyvern skeleton (D:9)
  4 scorpions
  7 killer bees
  5 wights (D:3)
  7 howler monkeys
  3 crimson imps
  2 bullfrog zombies (D:6)
  A centaur zombie (Ossuary)
  3 hounds
  2 quasits
  5 jellies
  2 bullfrog skeletons
  A gnoll shaman (D:10)
  15 orc wizards
  4 orc priests
  A centaur skeleton (D:5)
  Terence (D:2)
  An iguana (D:6)
  3 worker ants
  2 big kobold zombies (Ossuary)
  2 mummies (Ossuary)
  2 worker ant zombies
  9 gnolls
  A howler monkey zombie (D:8)
  12 adders
  2 shadow imps (D:5)
  An ooze (D:1)
  An adder zombie (Ossuary)
  4 dart slugs
  6 leopard geckos
  40 orcs
  5 giant cockroaches
  A goblin (D:2)
  4 hobgoblins
  11 jackals
  2 quokkas
  2 ball pythons
  3 bats
  10 frilled lizards
  A goblin zombie (Ossuary)
  11 hobgoblin zombies (Ossuary)
  2 jackal zombies
  12 kobolds
  7 kobold zombies (Ossuary)
  A leopard gecko skeleton (D:4)
  9 orc zombies (Ossuary)
  8 rats
  2 rat zombies (Ossuary)
  2 fungi (D:9)
  A plant (D:9)
321 creatures vanquished.

Vanquished Creatures (others)
  4 fungi (D:9)
  6 plants (D:9)
10 creatures vanquished.

Grand Total: 331 creatures vanquished

Notes
Turn   | Place    | Note
-------+----------+-------------------------------------------
     0 | D:1      | Dorkslayer the Demonspawn Berserker began the quest for the
                  | Orb.
     0 | D:1      | Reached XP level 1. HP: 18/18 MP: 1/1
   186 | D:1      | Gained mutation: You are immune to rotting. [demonic
                  | ancestry]
   186 | D:1      | Reached XP level 2. HP: 24/24 MP: 2/2
   227 | D:1      | Reached skill level 3 in Axes
   743 | D:1      | Reached XP level 3. HP: 28/29 MP: 3/3
   772 | D:1      | Reached ** piety under Trog
   835 | D:2      | Found a snail-covered altar of Cheibriados.
   835 | D:2      | Noticed Terence
   843 | D:2      | Killed Terence
   899 | D:2      | Found a shimmering altar of Xom.
   929 | D:2      | Reached XP level 4. HP: 23/37 MP: 4/4
  1562 | D:3      | Reached skill level 1 in Evocations
  1673 | D:3      | Reached XP level 5. HP: 40/42 MP: 5/5
  1678 | D:3      | Reached skill level 4 in Axes
  1696 | D:3      | Gained mutation: You are partially covered in rugged brown
                  | scales. (AC +1, +3% HP) [demonic ancestry]
  1696 | D:3      | Reached XP level 6. HP: 17/49 MP: 7/7
  1707 | D:3      | Reached *** piety under Trog
  2053 | D:4      | Found Nuofuyv's Jewellery Shoppe.
  2337 | D:4      | Noticed Eustachio
  2346 | D:4      | Killed Eustachio
  2346 | D:4      | Reached skill level 5 in Axes
  2346 | D:4      | Reached XP level 7. HP: 47/56 MP: 9/9
  2365 | D:4      | Found Ruppex's Antique Armour Emporium.
  2836 | D:4      | Bought an embroidered hat for 196 gold pieces
  2851 | D:5      | Entered Level 5 of the Dungeon
  2892 | D:5      | Found a basalt altar of Yredelemnul.
  3032 | D:5      | Reached **** piety under Trog
  3061 | D:5      | Reached skill level 1 in Throwing
  3174 | D:5      | Reached XP level 8. HP: 19/62 MP: 10/10
  3193 | D:5      | Reached skill level 6 in Axes
  3530 | D:6      | Found a staircase to the Ecumenical Temple.
  3630 | D:6      | Found the +10 Black Knight's horse barding {ponderous,
                  | rPois rN+}
  3645 | D:6      | Reached skill level 5 in Fighting
  3741 | D:6      | Got a faintly glowing helmet
  3764 | D:6      | Identified the cursed +0 helmet of the Ward {rF- Str+2
                  | Slay+4} (You found it on level 6 of the Dungeon)
  3778 | D:6      | Reached skill level 7 in Axes
  3912 | D:6      | Reached skill level 5 in Evocations
  4037 | D:6      | Gained mutation: You are slightly more attuned to the
                  | shadows. [demonic ancestry]
  4037 | D:6      | Reached XP level 9. HP: 49/70 MP: 12/12
  4182 | D:7      | Found a sand-covered staircase.
  4198 | Ossuary  | Entered an ossuary
  4301 | Ossuary  | Reached ***** piety under Trog
  4511 | D:7      | Found Tacuolot's Gadget Shop.
  4589 | D:7      | Reached skill level 8 in Axes
  5196 | D:7      | Found a hazy altar of Hepliaklqana.
  5201 | D:7      | Noticed Pikel
  5219 | D:7      | Killed Pikel
  5219 | D:7      | Reached skill level 9 in Axes
  5329 | D:7      | Found Buesesmilu's Assorted Antiques.
  5338 | D:7      | Bought a scroll labeled RENYSA WUFURA for 23 gold pieces
  5338 | D:7      | Bought a potion of curing for 69 gold pieces
  5338 | D:7      | Bought a worn wooden wand for 92 gold pieces
  5597 | D:8      | Found a burning altar of Makhleb.
  5640 | D:8      | Found a radiant altar of Vehumet.
  5717 | D:8      | Reached skill level 5 in Armour
  5787 | D:8      | Gained mutation: You have sharp fingernails. [demonic
                  | ancestry]
  5787 | D:8      | Reached XP level 10. HP: 78/78 MP: 14/14
  5967 | D:8      | Found a white marble altar of Elyvilon.
  6361 | D:9      | Noticed Erolcha
  6369 | D:9      | Killed Erolcha
  6369 | D:9      | Reached skill level 10 in Axes
  6457 | D:9      | Noticed Grum
  6475 | D:9      | Killed Grum
  6522 | D:9      | Found a staircase to the Lair.
  6547 | D:9      | Found Veremeurph's Antique Weapon Shop.
  6847 | D:9      | Found a snail-covered altar of Cheibriados.
  6869 | D:9      | Noticed a red ugly thing
  6877 | D:9      | Received a gift from Trog
  6880 | D:9      | Noticed Psyche
  6881 | D:9      | Killed a red ugly thing
  6881 | D:9      | Gained mutation: You may emit foul miasma when damaged in
                  | melee. [demonic ancestry]
  6881 | D:9      | Reached XP level 11. HP: 62/86 MP: 16/16
  6888 | D:9      | Killed Psyche
  6894 | D:9      | Reached skill level 11 in Axes
  6989 | D:9      | Found a blossoming altar of Fedhas.
  7034 | D:10     | Entered Level 10 of the Dungeon
  7327 | D:10     | Killed an unseen horror
  7672 | D:10     | Found a staircase to the Orcish Mines.
  7680 | Orc:1    | Entered Level 1 of the Orcish Mines
  7693 | Orc:1    | Noticed an orc knight
  7704 | Orc:1    | Killed an orc knight
  7707 | Orc:1    | Noticed an orc sorcerer
  7911 | Orc:1    | Paralysed by an orc sorcerer for 4 turns
  7915 | Orc:1    | Mangled by an ice devil

Illustrated notes

Levels and vault maps discovered:
D:1:      minmay_arrival_wavy_path, layout_loops_ring, serial_forest,
          infiniplex_forest_corner_2, infiniplex_forest_lined_3,
          infiniplex_forest_straight_3, infiniplex_forest_clump_large,
          infiniplex_forest_lined_2, infiniplex_forest_clump_double,
          infiniplex_forest_join, lemuel_old_faithful
D:2:      layout_rooms, xom_butterflies, cheibriados_altar_1, first_ration,
          uniq_terence
D:3:      layout_rooms, hangedman_decor_clover_reticule, grunt_ministairs_2
D:4:      layout_basic, serial_shops, kennysheep_little_box,
          nicolae_shop_overgrown_old_shop, uniq_eustachio
D:5:      layout_rooms, nicolae_overflow_hidden_temple
D:6:      layout_loops_cross, temple_pool_b
D:7:      layout_gridville, kennysheep_mini_moat, serial_shops,
          nicolae_shop_overgrown_old_shop, shop, nicolae_ossuary_entry_monument,
          chequers_serial_rivers_small_3, uniq_pikel
D:8:      layout_gridville, overflow_temple_1_default, bloody_makhleb,
          elyvilon_altar_5
D:9:      layout_basic, overflow_temple_1_default, minmay_lair_entry_grove,
          serial_shops, shop, basic_altar, uniq_psyche, uniq_erolcha, uniq_grum
D:10:     layout_rooms, orc_0_dummy, grunt_ogre_cave, minivault_25,
          columned_hall_lemuel
Orc:1:    layout_diamond_mine

Skill      XL: |  1  2  3  4  5  6  7  8  9 10 11 |
---------------+----------------------------------+-----
Axes           | 3 4 5 7 9 10 11 | 11.8
Armour         | 2 3 4 5 6 |  6.1
Dodging        | 2 3 |  3.4
Evocations     | 1 2 3 5 6 7 8 |  8.2
Fighting       | 4 5 6 7 8 |  8.0
Throwing       | 1 2 3 |  3.6
Stealth        | |  0.2

Action                   |  1- 3 |  4- 6 |  7- 9 | 10-12 || total
-------------------------+-------+-------+-------+-------++-------
Melee: Hand axe          |   101 |    76 |       |       ||   177
       War axe           |       |    53 |   273 |   220 ||   546
Throw: Dart              |       |    12 |    29 |    28 ||    69
       Throwing net      |       |       |       |     1 ||     1
Invok: Berserk           |     1 |     1 |     1 |     4 ||     7
       Trog's Hand       |       |     1 |       |       ||     1
Evoke: Wand              |       |    26 |     2 |     8 ||    36
  Use: Potion            |       |     3 |     2 |     4 ||     9
       Scroll            |       |    12 |     7 |     3 ||    22
  Eat: Chunk             |       |     4 |     7 |     8 ||    19
       Ration            |       |     1 |     1 |     2 ||     4
Armor: Animal skin       |     2 |       |       |       ||     2
       Scale mail        |    42 |    22 |       |       ||    64
       Chain mail        |       |    50 |   152 |    44 ||   246
       Plate armour      |       |       |       |    51 ||    51
       Skin              |       |       |       |     2 ||     2
Dodge: Dodged            |    52 |    73 |   121 |    96 ||   342
Block: Other             |       |       |     9 |    51 ||    60
       Reflection        |       |       |     6 |     2 ||     8
